 Dungeon Crawl Stone Soup version 0.19-a0-19-gf75ed07 (webtiles) character file.

8087 M4edhros the Martial Artist (level 11, -26/74 HPs)
             Began as a Vampire Monk on Apr 30, 2016.
             Was a High Priest of Okawaru.
             Killed from afar by Erolcha (42 damage)
             ... with a crystal spear
             ... on level 12 of the Dungeon.
             The game lasted 00:25:59 (4326 turns).

M4edhros the Martial Artist (Vampire Monk)          Turns: 4326, Time: 00:26:00

Health: -26/74     AC: 15    Str: 16    XL:     11   Next: 5%
Magic:  11/11      EV:  8    Int: 13    God:    Okawaru [*****.]
Gold:   187        SH:  9    Dex: 18    Spells: 0 memorised, 10 levels left

rFire  . . .     SeeInvis +       - Unarmed
rCold  + . .     Gourm    .     w - +0 plate armour
rNeg   . . .     Faith    .     h - +0 buckler
rPois  .         Spirit   .     (helmet restricted)
rElec  .         Dismiss  .     H - +0 cloak
rCorr  +         Reflect  .     C - +0 pair of gloves
SustAt .         Harm     .     l - +0 pair of boots
MR     +....     Rnd*Tele +     (no amulet)
Stlth  ..........               t - ring of resist corrosion
                                x - ring of protection from cold

@: regenerating quickly, somewhat resistant to hostile enchantments, extremely
unstealthy
A: fangs 3, horns 1, large bone plates 1, see invisible, frail 1, strong 2,
teleportitis 1, wild magic 1, unbreathing
a: Heroism, Finesse, Renounce Religion


You were on level 12 of the Dungeon.
You worshipped Okawaru.
Okawaru was extremely pleased with you.
You were very full.

You visited 3 branches of the dungeon, and saw 14 of its levels.

You collected 474 gold pieces.
You spent 287 gold pieces at shops.

Inventory:

Hand Weapons
 e - a +1 dagger of venom
 f - the +5 greatsling "Huiheapn" {freeze, Int+3}
   (Okawaru gifted it to you on level 12 of the Dungeon)

   It causes projectiles fired from it to freeze those they strike, causing
   extra injury to most foes and up to half again as much damage against
   particularly susceptible opponents.
   They can also slow down cold-blooded creatures.
   It affects your intelligence (+3).
 E - a +0 blowgun
 N - a +1 hunting sling of flaming
Missiles
 i - 3 needles of confusion
 j - a throwing net
 p - 8 tomahawks (quivered)
 q - a stone
 s - 5 poisoned tomahawks
 B - 47 sling bullets
 L - 58 poisoned needles
Armour
 a - a +0 robe
 h - a +0 buckler (worn)
 l - a +0 pair of boots (worn)
 w - a +0 plate armour (worn)
 C - a +0 pair of gloves (worn)
 H - a +0 cloak (worn)
Jewellery
 t - a ring of resist corrosion (right hand)
 x - a ring of protection from cold (left hand)
Wands
 d - a wand of acid (0/15)
 r - a wand of disintegration (0/24)
 v - a wand of flame (26/48)
 D - a wand of disintegration (0/24)
 J - a wand of lightning (8/15)
 M - a wand of lightning (7/15)
Scrolls
 b - a scroll of fog
 n - 2 scrolls of noise
 o - 3 scrolls of remove curse
 u - 3 scrolls of enchant armour
Potions
 g - 29 potions of blood
 k - 2 potions of flight
 z - 2 potions of degeneration
 A - a potion of might
 F - a potion of brilliance {unknown}
 G - a potion of magic {unknown}
 I - a potion of curing
 K - a potion of berserk rage {unknown}
Books
 y - a Grand Grimoire

   Spells                             Type                      Level
   a - Monstrous Menagerie            Summoning                    7
   b - Summon Greater Demon           Summoning                    7
   c - Malign Gateway                 Summoning/Translocation      7
   d - Summon Horrible Things         Summoning                    8


   Skills:
 + Level 6.5 Fighting
 * Level 0.0 Slings
 + Level 8.7 Dodging
 - Level 3.0 Stealth
 - Level 9.8 Shields
 - Level 10.9 Unarmed Combat


You had 10 spell levels left.
You didn't know any spells.

Dungeon Overview and Level Annotations

Branches:
Dungeon (12/15)            Temple (1/1) D:5            Lair (0/8) D:9
    Orc (1/2) D:9

Altars:
Ashenzari
Elyvilon
Fedhas
Gozag
Kikubaaqudgha
Makhleb
Nemelex Xobeh
Okawaru
Pakellas
Ru
Sif Muna
Trog
Vehumet
Xom
Yredelemnul
Zin
The Shining One
Beogh

Shops:
D:8 !

Annotations:
D:8 Gastronok
D:12 Erolcha


Innate Abilities, Weirdness & Mutations

Your natural rate of healing is unusually fast.
You have razor-sharp teeth.
You have supernaturally acute eyesight.
You can survive without breathing.
You have a pair of small horns on your head.
You are partially covered in large bone plates (AC +2, SH +2).
You are frail (-10% HP).
Your muscles are very strong. (Str +4)
You are occasionally teleported next to monsters.
Your spells are a little harder to cast, but a little more powerful.


Message History

The five-headed hydra is engulfed in roaring flames.
The fire elemental hits you. The fire elemental burns you!
The deep elf mage gestures wildly while chanting.
The deep elf mage blinks!
Evoke which item? (* to show all) (? for menu, Esc to quit)
Okay, then.
Erolcha hits you with an enchanted giant club!!
* * * LOW HITPOINT WARNING * * *
Erolcha gestures at you while chanting. The bolt of cold hits you! You resist.
* * * LOW HITPOINT WARNING * * *
The seven-headed hydra is engulfed in roaring flames.
The fire elemental hits you. The fire elemental burns you!
* * * LOW HITPOINT WARNING * * *
Drink which item? (? for menu, Esc to quit)
It was a potion of curing.
You feel better. Erolcha casts a spell at you. The crystal spear hits you!
Ouch! That really hurt!
You die...

#.###.#
#.D...# #.#
#.# ##..§##
.#. #.#
##'## # #
#.# #.# #.#
#D# #.#
##§## ..#
##..§##
#..OEE###
##...@..#
##.#...#
..........
############


You could see a seven-headed hydra, Erolcha and 2 fire elementals.

Vanquished Creatures
  An unseen horror (D:11)
  2 hill giants
  A cyclops (D:11)
  Maurice (D:9)
  Joseph (D:7)
  2 trolls
  12 yaks (D:11)
  A soldier ant (D:11)
  2 water moccasins
  A porcupine (D:9)
  An orc warrior (D:9)
  Duvessa (D:7)
  An ice beast (D:7)
  A sky beast (D:5)
  A black bear (D:9)
  An eye of draining (D:11)
  A necrophage (D:11)
  3 ogres
  2 phantoms
  3 big kobolds
  A scorpion (D:4)
  Dowan (D:7)
  A howler monkey (D:6)
  3 crimson imps
  3 hounds
  3 jellies
  2 centaur zombies
  A giant frog skeleton (D:7)
  2 centaur skeletons
  7 orc priests
  7 orc wizards
  An iguana (D:11)
  5 worker ants
  A hell rat (D:9)
  A sheep (D:9)
  A hound zombie (D:7)
  3 gnolls (D:7)
  A howler monkey skeleton (D:5)
  5 adders
  An adder zombie (D:9)
  3 worms
  2 dart slugs (D:4)
  6 giant geckos
  38 orcs
  2 giant cockroaches
  3 goblins (D:1)
  2 hobgoblins (D:3)
  7 jackals
  5 quokkas
  2 bats
  3 giant newts
  A jackal skeleton (D:7)
  A jackal zombie (D:7)
  14 kobolds
  2 rats
180 creatures vanquished.

Vanquished Creatures (others)
  An ogre (D:10)
  A howler monkey (D:4)
2 creatures vanquished.

Grand Total: 182 creatures vanquished

Notes
Turn   | Place    | Note
--------------------------------------------------------------
     0 | D:1      | M4edhros the Vampire Monk began the quest for the Orb.
     0 | D:1      | Reached XP level 1. HP: 17/17 MP: 1/1
   139 | D:1      | Reached XP level 2. HP: 20/23 MP: 2/2
   225 | D:3      | Reached skill level 5 in Unarmed Combat
   287 | D:3      | Gained mutation: You are partially covered in large bone plates (AC +2, SH +2). [potion of mutation]
   287 | D:3      | Gained mutation: Your muscles are strong. (Str +2) [potion of mutation]
   287 | D:3      | Gained mutation: Armour fits poorly on your strangely shaped body. [potion of mutation]
   332 | D:4      | Reached XP level 3. HP: 17/28 MP: 3/3
   349 | D:4      | Reached skill level 6 in Unarmed Combat
   349 | D:4      | Reached XP level 4. HP: 17/34 MP: 4/4
   357 | D:5      | Entered Level 5 of the Dungeon
   403 | D:7      | Found a basalt altar of Yredelemnul.
   484 | D:7      | Noticed a water moccasin
   496 | D:7      | Killed a water moccasin
   496 | D:7      | Reached skill level 7 in Unarmed Combat
   496 | D:7      | Reached XP level 5. HP: 6/39 MP: 5/5
   602 | D:7      | Reached skill level 8 in Unarmed Combat
   602 | D:7      | Reached XP level 6. HP: 40/46 MP: 6/6
   630 | D:7      | Noticed Duvessa
   630 | D:7      | Noticed Dowan
   645 | D:7      | Killed Duvessa
   654 | D:7      | Killed Dowan
   786 | D:7      | Noticed Joseph
   795 | D:7      | Reached skill level 9 in Unarmed Combat
   933 | D:5      | Noticed an ice beast
   933 | D:5      | Noticed a sky beast
   979 | D:5      | Killed a sky beast
   979 | D:5      | Reached XP level 7. HP: 15/51 MP: 7/7
  1021 | D:5      | Found a staircase to the Ecumenical Temple.
  1034 | Temple   | Entered the Ecumenical Temple
  1215 | D:6      | Found a blossoming altar of Fedhas.
  1308 | D:6      | Reached skill level 10 in Unarmed Combat
  1315 | D:6      | Lost mutation: Armour fits poorly on your strangely shaped body. [potion of mutation]
  1315 | D:6      | Gained mutation: You have a pair of small horns on your head. [potion of mutation]
  1315 | D:6      | Gained mutation: You are occasionally teleported next to monsters. [potion of mutation]
  1328 | D:6      | Found a white marble altar of Elyvilon.
  1551 | D:4      | Reached XP level 8. HP: 57/57 MP: 8/8
  1764 | D:4      | Reached skill level 1 in Shields
  1838 | D:3      | Found a faded altar to an unknown god.
  2078 | D:7      | Killed Joseph
  2302 | D:8      | Found Fawkes's Distillery.
  2305 | D:8      | Bought a potion of mutation for 35 gold pieces
  2305 | D:8      | Gained mutation: Your spells are a little harder to cast, but a little more powerful. [potion of mutation]
  2305 | D:8      | Gained mutation: You are frail (-10% HP). [potion of mutation]
  2305 | D:8      | Gained mutation: Your muscles are very strong. (Str +4) [potion of mutation]
  2306 | D:8      | Bought a potion of heal wounds for 70 gold pieces
  2306 | D:8      | Bought a potion of degeneration for 14 gold pieces
  2306 | D:8      | Bought a potion of might for 56 gold pieces
  2306 | D:8      | Bought a potion of invisibility for 112 gold pieces
  2346 | D:8      | Noticed Gastronok
  2357 | D:9      | Reached skill level 5 in Dodging
  2364 | D:9      | Found a staircase to the Lair.
  2416 | D:10     | Entered Level 10 of the Dungeon
  2564 | D:11     | Noticed a five-headed hydra
  2566 | D:11     | Noticed a cyclops
  2596 | D:10     | Noticed a hill giant
  2697 | D:9      | Reached skill level 5 in Shields
  2700 | D:9      | Reached XP level 9. HP: 39/56 MP: 9/9
  2833 | D:7      | Found a sacrificial altar of Ru.
  2835 | D:7      | Found an iron altar of Okawaru.
  2864 | D:7      | Became a worshipper of Warmaster Okawaru
  2864 | D:7      | Reached * piety under Okawaru
  2864 | D:7      | Reached ** piety under Okawaru
  3158 | D:9      | Found a staircase to the Orcish Mines.
  3159 | D:9      | Found a roughly hewn altar of Beogh.
  3167 | Orc:1    | Entered Level 1 of the Orcish Mines
  3167 | Orc:1    | Noticed a troll
  3195 | D:9      | Killed a troll
  3227 | D:9      | Noticed Maurice
  3236 | D:9      | Killed Maurice
  3523 | D:10     | Killed a hill giant
  3523 | D:10     | Reached *** piety under Okawaru
  3664 | D:11     | Reached XP level 10. HP: 47/65 MP: 8/10
  3692 | D:11     | Reached skill level 5 in Fighting
  3804 | D:11     | Killed a cyclops
  3804 | D:11     | Reached **** piety under Okawaru
  3860 | D:11     | Noticed an unseen horror
  3875 | D:11     | Killed an unseen horror
  3931 | D:11     | Reached ***** piety under Okawaru
  4079 | D:11     | Noticed a hill giant
  4090 | D:11     | Killed a hill giant
  4202 | D:12     | Received a gift from Okawaru
  4202 | D:12     | Reached XP level 11. HP: 71/74 MP: 11/11
  4203 | D:12     | Got a warped greatsling {god gift}
  4204 | D:12     | Identified the +5 greatsling "Huiheapn" {freeze, Int+3} (Okawaru gifted it to you on level 12 of the Dungeon)
  4308 | D:12     | Noticed a deep elf mage
  4313 | D:12     | Noticed a seven-headed hydra
  4319 | D:12     | Noticed Erolcha
  4326 | D:12     | Killed from afar by Erolcha

Vault maps used:
D:1:      onia_arrival_pyramid, minmay_tree_intersection, minmay_strange_pillars
D:2:      lemuel_coloured_pillars_altar, corexii_shack,
          minmay_item_behind_shaft, kennysheep_generic_room_5
D:3:      kennysheep_slug_shrine, ecumenical_altar_1, serial_bayou_pond_d,
          st_stairs_5
D:4:      first_bread
D:5:      minmay_temple_entry_statues_fountains, serial_shops,
          nicolae_shop_behind_doors
D:6:      fedhas_altar_fruit_tree, elyvilon_altar_5, minmay_misc_feat_roman
D:7:      yredelemnul_altar_generic, nicolae_overflow_hidden_temple,
          uniq_duvessa, uniq_joseph
D:8:      nicolae_dithmenos_the_darkroom, serial_shops, kennysheep_mini_moat,
          david_nohive_1, uniq_gastronok
D:9:      dpeg_lair_monsters, david_orc_5, uniq_maurice
D:12:     uniq_erolcha, uniq_fannar
Temple:   circular_temple_12

Skill      XL: |  1  2  3  4  5  6  7  8  9 10 |
---------------+-------------------------------+-----
Unarmed Combat | 5 6 7 8 9 10 | 10.9
Shields        | 5 7 9 |  9.8
Dodging        | 5 7 8 |  8.7
Fighting       | 3 4 6 |  6.5
Stealth        | |  3.0

Action                   |  1- 3 |  4- 6 |  7- 9 | 10-12 || total
-------------------------+-------+-------+-------+-------++-------
Melee: Unarmed           |    69 |    77 |   409 |   193 ||   748
       Bite              |    10 |    11 |    57 |    31 ||   109
       Punch             |       |     2 |       |       ||     2
       Headbutt          |       |       |    82 |    52 ||   134
Invok: Heroism           |       |       |     2 |     4 ||     6
Evoke: Wand              |       |     4 |    19 |       ||    23
  Use: Potion            |     8 |     9 |    22 |     6 ||    45
       Scroll            |       |     3 |    12 |     5 ||    20
 Stab: Sleeping          |     6 |     1 |     4 |       ||    11
       Invisible         |     8 |       |     7 |       ||    15
Armor: Robe              |    11 |     7 |     8 |       ||    26
       Skin              |       |     2 |       |       ||     2
       Plate armour      |       |       |   153 |    55 ||   208
Dodge: Dodged            |    42 |    39 |   102 |    30 ||   213
Block: Other             |       |     4 |       |       ||     4
       Buckler           |       |     3 |   115 |    63 ||   181
